 Dungeon Crawl Stone Soup version 0.23.2-1-ga50397a6bc (webtiles) character file.

Game seed: 1456834217268377554

83 Mrkan the Ducker (level 4, 0/23 HPs)
             Began as a Spriggan Monk on May 19, 2019.
             Killed by nerve-wracking pain
             ... invoked by Jessica
              (7 damage)
             ... on level 2 of the Dungeon.
             The game lasted 00:03:38 (1833 turns).

Mrkan the Ducker (Spriggan Monk)                    Turns: 1833, Time: 00:03:38

Health: 0/23       AC:  2    Str:  7    XL:     4   Next: 22%
Magic:  5/5        EV: 22    Int: 11    God:
Gold:   76         SH:  0    Dex: 19    Spells: 3/3 levels left

rFire    . . .     SeeInvis +   a - +0 short sword
rCold    . . .     Gourm    .   (shield restricted)
rNeg     . . .     Faith    .   b - +0 robe
rPois    .         Spirit   .   (helmet restricted)
rElec    .         Reflect  .   (no cloak)
rCorr    .         Harm     .   (gloves unavailable)
MR       .....                  (boots unavailable)
Stlth    +++.......             (no amulet)
HPRegen  0.07/turn              (no ring)
MPRegen  0.09/turn              (no ring)

@: slowed, quick
A: very small, unfitting armour, see invisible, herbivore, speed 3, slow
metabolism 2
a: no special abilities


You were on level 2 of the Dungeon.
You were not hungry.

You visited 1 branch of the dungeon, and saw 2 of its levels.

You collected 76 gold pieces.

Inventory:

Hand Weapons
 a - a +0 short sword (weapon)
Armour
 b - a +0 robe (worn)
Jewellery
 m - a +5 ring of intelligence {unknown}
Scrolls
 f - a scroll of enchant weapon {unknown}
 g - 2 scrolls of remove curse {unknown}
 i - a scroll of amnesia {unknown}
 k - a scroll of enchant armour {unknown}
 n - 2 scrolls of identify {unknown}
Potions
 d - a potion of curing
 e - 3 potions of brilliance {unknown}
 h - 2 potions of degeneration {unknown}
 j - a potion of flight {unknown}
 l - a potion of might {unknown}
Comestibles
 c - 8 rations


   Skills:
 - Level 2.4 Fighting
 - Level 3.2 Short Blades
 + Level 6.1 Dodging
 + Level 5.4 Stealth


You had 3 spell levels left.
You didn't know any spells.
Your spell library was empty.

Dungeon Overview and Level Annotations

Branches:
Dungeon (2/15)

Altars:

Annotations:
D:2 Jessica


Innate Abilities, Weirdness & Mutations

You are very small and have problems with some larger weapons.
You are too small for most types of armour.
You have supernaturally acute eyesight. (SInv)
You are a herbivore.
You cover ground extremely quickly.
You need to consume almost no food.


Message History

Jessica barely misses you.
You hit Jessica.
Jessica is almost dead.
Jessica closely misses you.
You hit Jessica but do no damage.
Jessica is almost dead.
You hit Jessica but do no damage.
Jessica is almost dead.
Jessica mumbles some strange words.
Jessica seems to speed up.
You barely miss Jessica.
Jessica is almost dead.
Jessica points at you and mumbles some strange words.
You feel yourself slow down. Jessica completely misses you.
You closely miss Jessica.
Jessica is almost dead.
Jessica closely misses you. Jessica gestures at you while chanting.
Pain shoots through your body!
You die...

#.........####.####...###..
#....§.....................
#............†..###...##...
#.........#.##.............
#.........#.########.###.#.
#....g....#.# ..# #.##
#.........#.# # #### #.#
####..#.###@##.#########.#
#.......@..............#
#.♣.♣.♣[#.##.########..#
#.......#.##.# #...##
##♣#♣.♣##)##.# #....)
#.#...##.##.# #.####
#...)...(.#.# #.#
###.#.###.#.#######.####
#.#.# #...........)...
#.#.###.#.#######.####


You could see Jessica.

Vanquished Creatures
  A hound zombie (D:2)
  3 adders (D:2)
  5 giant cockroaches
  7 goblins
  5 hobgoblins (D:2)
  4 jackals (D:1)
  3 bats
  2 frilled lizards
  4 kobolds
  4 rats
38 creatures vanquished.

Vanquished Creatures (others)
  5 toadstools (D:1)
5 creatures vanquished.

Grand Total: 43 creatures vanquished

Notes
Turn   | Place    | Note
-------+----------+-------------------------------------------
     0 | D:1      | Mrkan the Spriggan Monk began the quest for the Orb.
     0 | D:1      | Reached XP level 1. HP: 11/11 MP: 2/2
   188 | D:1      | Reached XP level 2. HP: 11/16 MP: 3/3
   248 | D:1      | Reached skill level 5 in Dodging
   789 | D:2      | Reached XP level 3. HP: 12/19 MP: 4/4
  1221 | D:2      | Reached skill level 5 in Stealth
  1389 | D:2      | Reached XP level 4. HP: 8/23 MP: 5/5
  1698 | D:2      | Reached skill level 6 in Dodging
  1742 | D:2      | Noticed Jessica
  1833 | D:2      | Killed from afar by Jessica

Skill      XL: |  1  2  3  4 |
---------------+-------------+-----
Dodging        | 5 6 |  6.1
Stealth        | 4 5 |  5.4
Fighting       | |  2.4
Short Blades   | |  3.2

Action                   |  1- 3 |  4- 6 || total
-------------------------+-------+-------++-------
Melee: Short sword       |   154 |    54 ||   208
  Use: Potion            |     1 |       ||     1
 Stab: Sleeping          |     7 |     1 ||     8
Armor: Robe              |    10 |     1 ||    11
Dodge: Dodged            |   169 |    41 ||   210
